 Dungeon Crawl Stone Soup version 0.26-a0-146-g24f6d3962c (webtiles) character file.

Game seed: 5791904764704287545

30 Flugslaktarn the Sneak (level 3, -2/36 HPs)
             Began as an Octopode Wizard on June 29, 2020.
             Slain by Terence
             ... wielding a +0 vorpal flail
              (7 damage)
             ... on level 2 of the Dungeon.
             The game lasted 00:02:46 (471 turns).

Flugslaktarn the Sneak (Octopode Wizard)             Turns: 471, Time: 00:02:46

Health: -2/36      AC:  1    Str:  6    XL:     3   Next: 20%
Magic:  7/7        EV: 13    Int: 20    God:
Gold:   12         SH:  0    Dex: 11    Spells: 7/8 levels left

rFire    . . .     SeeInvis .   j - +0 dagger (vamp)
rCold    . . .     Faith    .   (no shield)
rNeg     . . .     Spirit   .   a - +0 hat
rPois    .         Reflect  .   (no amulet)
rElec    .         Harm     .   (no ring)
rCorr    .                      (no ring)
MR       .....                  (no ring)
Stlth    ..........             (no ring)
HPRegen  0.12/turn              (no ring)
MPRegen  0.10/turn              (no ring)
                                (no ring)
                                (no ring)

@: berserking (expiring), very quick
A: almost no armour, stealthy swim, amphibious, 8 rings, constrict 8, camouflage
1, gelatinous body 1
a: no special abilities


You were on level 2 of the Dungeon.
You were not hungry.

You visited 1 branch of the dungeon, and saw 2 of its levels.

You collected 12 gold pieces.

Inventory:

Hand Weapons
 e - a +0 dagger
   (You took it off a goblin on level 1 of the Dungeon)
 j - a +0 vampiric dagger (weapon)
   (You took it off a kobold on level 2 of the Dungeon)
Missiles
 m - 26 stones (quivered)
Armour
 a - a +0 hat (worn)
Jewellery
 d - an uncursed ring of protection from magic {unknown}
   (You found it on level 1 of the Dungeon)
Scrolls
 i - a scroll of teleportation {unknown}
 k - a scroll of fog {unknown}
 l - a scroll of identify {unknown}
Potions
 g - a potion of brilliance {unknown}
 h - a potion of curing
Comestibles
 c - a ration


   Skills:
 - Level 2.2 Fighting
 - Level 2.0 Dodging
 + Level 3.6 Stealth
 - Level 3.0 Spellcasting
 - Level 1.0 Conjurations
   Level 1.0 Summonings
   Level 1.0 Translocations


You had 7 spell levels left.
You knew the following spells:

 Your Spells              Type           Power        Failure   Level  Hunger
a - Magic Dart            Conj           #...         10%         1    None

Your spell library contained the following spells:

 Spells                   Type           Power        Failure   Level  Hunger
 Blink                    Tloc           N/A          14%         2    ##.....
 Call Imp                 Summ           #.......     14%         2    ##.....
 Slow                     Hex            #.......     22%         2    ##.....
 Conjure Flame            Conj/Fire      #.......     34%         3    ###....
 Mephitic Cloud           Conj/Pois/Air  #.......     36%         3    ###....


Dungeon Overview and Level Annotations

Branches:
Dungeon (2/15)

Altars:
Gozag
Qazlal

Annotations:
D:2 Terence


Innate Abilities, Weirdness & Mutations

You cannot wear most types of armour.
You are very stealthy in the water. (Stealth+)
You are amphibious.
You can wear up to eight rings at the same time.
You can use your tentacles to constrict eight enemies at once.
Your skin changes colour to match your surroundings (Stealth+).
Your rubbery body absorbs attacks. (AC +1, EV +1)


Message History

You constrict Terence, but do no damage.
Terence hits you with a +0 vorpal flail.
* * * LOW HITPOINT WARNING * * *
* * * LOW HITPOINT WARNING * * *
You hit Terence but do no damage.
Terence is moderately wounded.
You constrict Terence, but do no damage.
Terence hits you with a +0 vorpal flail.
* * * LOW HITPOINT WARNING * * *
* * * LOW HITPOINT WARNING * * *
You release your grip on Terence.
Unknown command.
Terence looks scornfully at you.
Okay, then.
Okay, then.
It was a potion of curing.
You feel better. Terence misses you.
Unknown command.
You aren't carrying any items that you can evoke.
It was a potion of berserk rage.
A red film seems to cover your vision as you go berserk!
You feel yourself moving faster!
You feel mighty!
Terence shouts, "ATTACK!!!"
Terence barely misses you.
Unknown command.
You hit Terence but do no damage. You grab Terence.
You squeeze Terence, but do no damage.
Terence is moderately wounded.
You constrict Terence, but do no damage.
You hit Terence but do no damage.
Terence is moderately wounded.
You constrict Terence, but do no damage.
Terence shouts, "Now you die!" Terence closely misses you.
You hit Terence.
Terence is heavily wounded.
You constrict Terence, but do no damage.
You hit Terence but do no damage.
Terence is heavily wounded.
You constrict Terence, but do no damage.
Terence hits you with a +0 vorpal flail!
* * * LOW HITPOINT WARNING * * *
* * * LOW HITPOINT WARNING * * *
You hit Terence.
You feel better.
Terence is severely wounded.
You constrict Terence, but do no damage.
You hit Terence but do no damage.
Terence is severely wounded.
You constrict Terence.
Terence hits you with a +0 vorpal flail!
You die...

######## #)#.### #.
#.....# ### #.
######.###.### ..# #.
#......# ... ... #.
####.####.###.# .. #.
....... #.....# .# ##
.......####.######.#
#.......#...........####.#
....@...#†##@#####........
#.........##@# #.#####.#
.......####s# #.# .......
#.# #.# ###.###
#.#####.#####.# #
#.............#
#######.####### #.# #.#


You could see Terence and a giant cockroach.

Vanquished Creatures
  An ooze (D:2)
  A dart slug (D:1)
  A leopard gecko (D:2)
  2 bats
  A giant cockroach (D:2)
  A goblin (D:1)
  5 hobgoblins (D:1)
  5 jackals (D:2)
  A frilled lizard (D:1)
  2 kobolds (D:2)
20 creatures vanquished.

Notes
Turn   | Place    | Note
-------+----------+-------------------------------------------
     0 | D:1      | Flugslaktarn the Octopode Wizard began the quest for the
                  | Orb.
     0 | D:1      | Reached XP level 1. HP: 11/11 MP: 4/4
    48 | D:1      | Reached skill level 1 in Fighting
    89 | D:1      | Reached XP level 2. HP: 11/18 MP: 3/6
   185 | D:2      | Found a stormy altar of Qazlal.
   351 | D:2      | Found an opulent altar of Gozag.
   373 | D:2      | Noticed Terence
   398 | D:2      | Reached XP level 3. HP: 16/24 MP: 7/7
   471 | D:2      | Slain by Terence

Illustrated notes

Levels and vault maps discovered:
D:1:      minmay_arrival_diagonal_passages, layout_loops_ring, minmay_tromino_i2
D:2:      layout_loops_ring, grunt_qazlal_clouds, marbit_many_paths,
          chequers_ecumenical_altar_island, st_stairs_9, minmay_3d_cube,
          uniq_terence

Skill      XL: |  1  2 |
---------------+-------+-----
Fighting       | 1 2 |  2.2
Stealth        | 3 |  3.6
Dodging        | |  2.0
Spellcasting   | |  3.0
Conjurations   | |  1.0
Summonings     | |  1.0
Translocations | |  1.0

Action                   || total
-------------------------++-------
Melee: Unarmed           ||     7
       Tentacles         ||    14
       Constrict         ||    13
       Dagger            ||    51
 Cast: Magic Dart        ||    15
  Use: Potion            ||     2
 Stab: Sleeping          ||     3
Armor: Skin              ||     6
Dodge: Dodged            ||    30

Table legend:
 A = Non-vault XP
 B = Vault XP
 C = Vault XP percentage of total XP
 D = Non-vault monster count
 E = Vault monster count
 F = Vault count percentage of total count
                 A         B        C        D         E       F
            +---------+---------+-------+---------+---------+-------
      Total |      43 |       1 |   2.3 |      19 |       1 |   5.0
            +---------+---------+-------+---------+---------+-------
        D:1 |      19 |       0 |   0.0 |       9 |       0 |   0.0
        D:2 |      24 |       1 |   4.0 |      10 |       1 |   9.1
            +---------+---------+-------+---------+---------+-------
